 Dungeon Crawl Stone Soup version 0.30.2 (webtiles) character file.

Game seed: 15285234226450158317

81 porpoise the Sneak (level 4, -3/25 HPs)
             Began as a Vine Stalker Brigand on Apr 19, 2024.
             Succumbed to an orc wizard's poison
             ... on level 3 of the Dungeon.
             The game lasted 00:06:58 (2521 turns).

porpoise the Sneak (Vine Stalker Brigand)           Turns: 2521, Time: 00:06:59

Health: -3/25      AC:  9    Str: 13    XL:     4   Next: 40%
Magic:  3/5        EV: 10    Int: 11    God:
Gold:   134        SH:  0    Dex: 18    Spells: 3/3 levels left

rFire   x . .        a - +2 dagger
rCold   + . .        (no shield)
rNeg    . . .        u - +0 ring mail
rPois   .            t - +1 helmet
rElec   .            c - +0 cloak
rCorr   .            m - +0 pair of gloves
SInv    .            (no boots)
Will    .....        (no amulet)
Stlth   +++          w - ring of flight
HPRegen 1.04/turn    (no ring)
MPRegen 0.09/turn

%: guardian spirit
@: mighty, lethally poisoned (-3 -> -17), flying
A: fangs 2, regeneration 1, magic shield, antimagic bite, no potion heal 2, cold
resistance 1, robust 1, heat vulnerability 1
a: no special abilities


You were on level 3 of the Dungeon.
You visited 1 branch of the dungeon, and saw 3 of its levels.

You collected 134 gold pieces.

Inventory:

Hand Weapons
 a - a +2 dagger (weapon)
 b - a +0 sling
Missiles
 d - a poisoned dart (quivered)
 e - 3 curare-tipped darts
 g - 3 boomerangs
 o - 2 atropa-tipped darts
Armour
 c - a +0 cloak (worn)
 m - a +0 pair of gloves (worn)
 t - a +1 helmet (worn)
 u - a +0 ring mail (worn)
Jewellery
 w - a ring of flight (left hand)
Scrolls
 f - a scroll of fear {unknown}
 h - a scroll of enchant armour {unknown}
 i - a scroll of identify {unknown}
 k - a scroll of enchant weapon {unknown}
 l - a scroll of teleportation {unknown}
 p - a scroll of noise
 r - a scroll of blinking {unknown}
 s - a scroll of magic mapping {unknown}
Potions
 j - a potion of mutation
 q - a potion of brilliance {unknown}
 v - a potion of heal wounds {unknown}


   Skills:
 + Level 2.7 Fighting
 + Level 2.7 Short Blades
 - Level 1.7 Throwing
 - Level 0.7 Dodging
 + Level 5.7 Stealth


You had 3 spell levels left.
You didn't know any spells.
Your spell library contained the following spells:

 Spells                   Type           Power      Damage    Failure   Level
 Magic Dart               Conj           0%         1d3       61%         1
 Call Imp                 Summ           0%         N/A       75%         2
 Dazzling Flash           Conj/Hex       0%         N/A       93%         3
 Mephitic Cloud           Conj/Pois/Air  0%         N/A       93%         3
 Ozocubu's Armour         Ice            0%         N/A       93%         3
 Agony                    Necr           0%         N/A       100%        5
 Metabolic Englaciation   Hex/Ice        0%         N/A       100%        5
 Silence                  Hex/Air        0%         N/A       100%        5
 Simulacrum               Ice/Necr       0%         N/A       100%        6


Dungeon Overview and Level Annotations

Branches:
Dungeon (3/15)

Altars:

Shops:
D:3 [


Innate Abilities, Weirdness & Mutations

You have extremely sharp teeth.
Your natural rate of healing is unusually fast.
When hurt, damage is shared between your health and your magic reserves.
Your bite disrupts and absorbs the magic of your enemies.
Potions cannot restore your health.
Your flesh is cold resistant. (rC+)
You are robust. (+10% HP)
You are vulnerable to heat. (rF-)


Message History

Deactivating autopickup; reactivate with Ctrl-A.
You barely miss something. You bite something. Something hits you.
You are poisoned.
You hit something.
You feel very sick.
You hear some strange, mumbled words.
Something tries to affect you, but you resist.
You hit something but do no damage. Your bite misses something.
You feel sick.
You hear some strange, mumbled words.
A puff of flame appears from out of thin air!
The puff of flame misses you.
You barely miss something. Your bite misses something.
You feel sick. Something hits you but does no damage.
You are more poisoned.
You hit something. Your bite misses something.
You feel sick.
You hit something but do no damage.
You feel very sick. Something completely misses you.
You miss something. Your bite misses something.
You feel sick. Something hits you.
You miss something. You bite something.
You feel sick. Something hits you but does no damage.
You hit something. Your bite misses something.
You feel sick. Something hits you but does no damage.
You closely miss something. You bite something. You drain its magic.
You feel sick. Something hits you but does no damage.
You are more poisoned.
You miss something. Your bite misses something.
You feel sick. Something hits you.
* * * LOW HITPOINT WARNING * * *
You are lethally poisoned!
It was a potion of mutation.
You feel extremely strange.
You feel vulnerable to heat.
You feel resistant to cold.
You feel robust.
* * * LOW HITPOINT WARNING * * *
You feel very sick. Something hits you but does no damage.
You are more poisoned.
It was a potion of might.
You feel very mighty all of a sudden.
You die...

####.### #..o..# #........#
.......# #.o.((#####........#
.......#####...(..............###
................)#####...........
.......#######.#(# ###.........
.......# #.#o# #.........
.......# #.#o# #.........
...∩...# #.#{# #.........
.......# #.#@# #.........
##.##### #.#.# #......... #.#
###.#.##### #......... #.#
#...#...>.# ########## #.#
#.#######.# #.# #.# #.# #.# #.#
#.# #.# #.# #.# #.# #.# #.#


You could see 2 orcs.

Vanquished Creatures
  2 adders
  3 worms
  A dart slug (D:3)
  2 orcs (D:3)
  4 ball pythons
  4 bats
  7 endoplasms
  4 goblins
  3 hobgoblins (D:1)
  3 jackals (D:1)
  4 kobolds
  2 quokkas (D:1)
  2 frilled lizards (D:1)
  5 rats (D:1)
46 creatures vanquished.

Notes
Turn   | Place    | Note
-------+----------+-------------------------------------------
     0 | D:1      | porpoise the Vine Stalker Brigand began the quest for the
                  | Orb.
     0 | D:1      | Reached XP level 1. HP: 11/11 MP: 2/2
   263 | D:1      | Reached skill level 5 in Stealth
   409 | D:1      | Reached XP level 2. HP: 13/15 MP: 1/3
  1068 | D:1      | Reached XP level 3. HP: 18/18 MP: 4/4
  1431 | D:2      | Found a faded altar of an unknown god.
  1986 | D:3      | Found Velurouh's Armour Shop.
  2155 | D:3      | Gained mutation: Your natural rate of healing is unusually
                  | fast. [Vine Stalker growth]
  2155 | D:3      | Reached XP level 4. HP: 16/23 MP: 5/5
  2520 | D:3      | Gained mutation: You are vulnerable to heat. (rF-) [potion
                  | of mutation]
  2520 | D:3      | Gained mutation: Your flesh is cold resistant. (rC+)
                  | [potion of mutation]
  2520 | D:3      | Gained mutation: You are robust. (+10% HP) [potion of
                  | mutation]
  2520 | D:3      | HP: 1/25 [poisoned by an orc wizard]
  2521 | D:3      | Succumbed to an orc wizard's poison

Illustrated notes

Levels and vault maps discovered:
D:1:      dpeg_arrival_ternary, layout_basic
D:2:      layout_rooms, hellmonk_ecumenical_altar_leap_of_faith
D:3:      layout_basic, serial_shops, shop, minmay_misc_feat_tower

Skill      XL: |  1 |
---------------+----+-----
Stealth        | 5 |  5.7
Short Blades   | 2 |  2.7
Fighting       | 2 |  2.7
Throwing       | |  1.7
Dodging        | |  0.7

Action                     |  1- 3 |  4- 6 || total
---------------------------+-------+-------++-------
  Melee: Dagger            |   123 |    37 ||   160
         Bite              |    31 |     8 ||    39
   Fire: Sling             |     5 |       ||     5
  Throw: Dart              |       |     8 ||     8
    Use: Scroll            |     1 |       ||     1
         Potion            |       |     2 ||     2
   Stab: Sleeping          |     6 |     1 ||     7
 Armour: Robe              |    17 |       ||    17
         Leather armour    |     9 |       ||     9
         Ring mail         |     3 |    10 ||    13
  Dodge: Dodged            |    64 |     9 ||    73
